Unix NetHack Version 3.7.0-88 Work-in-progress - last build Aug 6 2023 13:40:22 (5c9c4c7fffe0d5f0a8b1342c2a36a56ed743986a,branch:master). Game began 2023-08-17 18:30:10, ended 2023-08-18 21:12:37. puncake, chaotic male orcish Rogue ------- ------------------------ ------- |.....|.-|..........|....|......|.|...... |.....|..-..........-....---....-.|...-|--- |.....-.-|........---.....^|....|.|...|.....| ------|.--------..| .^.....|-----.----|.!...| |........------|------..........-.....| |%------...............-----.}}.------- -|--.|....|-----.--------.|...|.....+ |....|....|....-.|......|.|[T.|----.| |.-----|----...|^.....-----@..| |.---- |.|........|...|-----.|.@...@@| |....| ---.-------%.|...| |.|.|.Y@.. ----.| .%+.......|*.-...| ---.---- |...| ----------.--------- |..0...| |.--- |........|........%| -$------ ----.-- |........|.---|---.- -.-- |.%....----- |........|.| ....| ...----------.----!(.%.. -----....-.| ....| -.%..........| ------- |...--|----| ....| |.------------ |..........| ..%| ------------ --- Puncake the Robber St:25 Dx:11 Co:17 In:7 Wi:12 Ch:7 Chaotic S:145149 Home 1 $:35 HP:0(113) Pw:59(59) AC:4 Xp:16/321377 T:31059 Satiated Latest messages: The elf-lady swings her elven broadsword. The elf-lady hits! The elf-lady swings her elven broadsword. The elf-lady hits again! What do you want to drink? You feel much better. You swap places with the peaceful thug. The elf-lady swings her elven broadsword. The elf-lady hits! The elf-lady swings her elven broadsword. The elf-lady hits again! In what direction? You throw 4 daggers. The 1st dagger hits the elf-lady! The 2nd dagger hits the elf-lady! The 3rd dagger hits the elf-lady! You kill the elf-lady! The 4th dagger hits the thug! The thug gets angry! L - 3 blessed +3 daggers (at the ready) (9 in total). The Elvenking thrusts his elven dagger. The Elvenking hits! The Elvenking thrusts his elven dagger. The Elvenking hits again! In what direction? You throw 2 daggers. The 1st dagger hits the Elvenking! The 2nd dagger hits the Elvenking! The Elvenking reads a scroll of teleportation! A mysterious force prevents the Elvenking from teleporting! The Olog-hai swings a single-edged polearm. You are hit by a single-edged polearm. The thug wields a club! What do you want to zap? In what direction? You kill the Elvenking! The death ray hits you! But it reflects from your medallion! The Olog-hai picks up an elven dagger. Grimtooth stops flickering. The Olog-hai wields an elven dagger! The captain wields a silver saber! What do you want to put on? h - an uncursed ring of regeneration (on left hand). The Olog-hai thrusts his elven dagger. The Olog-hai hits! The Olog-hai hits! The Olog-hai bites! You die... Do you want to see the dungeon overview? q Inventory: Coins $ - 35 gold pieces Amulets K - an uncursed amulet of life saving q - an uncursed amulet of reflection (being worn) Weapons L - 7 blessed +3 daggers (at the ready) C - the uncursed rustproof +1 Grimtooth (weapon in hand) p - the uncursed rustproof +1 Stormbringer (alternate weapon; not wielded) Armor Q - an uncursed thoroughly rusty +0 helmet (being worn) g - an uncursed thoroughly rusty +0 pair of gauntlets of power (being worn) j - an uncursed very burnt +0 pair of elven boots (being worn) A - an uncursed thoroughly burnt rotted +0 elven cloak (being worn) T - an uncursed +0 mummy wrapping w - an uncursed +1 elven mithril-coat (being worn) Comestibles t - 3 uncursed lumps of royal jelly X - an uncursed pancake d - an uncursed lizard corpse Scrolls N - a blessed scroll of blank paper I - 2 uncursed scrolls of confuse monster y - an uncursed scroll of identify l - a cursed scroll of identify J - a cursed scroll of stinking cloud Potions O - an uncursed potion of restore ability E - an uncursed potion of speed P - 2 uncursed potions of water Rings Y - a cursed ring of invisibility Z - an uncursed ring of polymorph m - an uncursed ring of polymorph control (on right hand) h - an uncursed ring of regeneration (on left hand) Wands i - an uncursed wand of create monster (0:14) o - a cursed wand of death (0:2) R - an uncursed wand of digging (0:8) M - an uncursed wand of digging (0:7) z - an uncursed wand of digging (0:2) s - an uncursed wand of fire (0:3) B - an uncursed wand of magic missile (0:2) H - a blessed wand of make invisible (0:2) S - an uncursed wand of make invisible (0:4) U - an uncursed wand of sleep (0:2) k - an uncursed wand of speed monster (0:8) c - an uncursed wand of speed monster (0:4) a - an uncursed wand of striking (0:7) u - an uncursed wand of striking (0:5) r - an uncursed wand of striking (0:3) D - an uncursed wand of striking (0:3) F - an uncursed wand of teleportation (0:5) x - an uncursed wand of teleportation (0:4) G - an uncursed wand of undead turning (0:3) Tools V - a blessed bag of holding containing 25 items f - an empty uncursed sack n - an uncursed tooled horn e - an uncursed lock pick W - an uncursed +0 unicorn horn Gems/Stones v - a blessed luckstone Contents of the bag of holding: an uncursed amulet of flying 15 uncursed C-rations 9 uncursed K-rations 3 uncursed tripe rations 2 uncursed lizard corpses an uncursed partly eaten lizard corpse 3 uncursed scrolls of blank paper 5 uncursed scrolls of blank paper a cursed scroll of blank paper a cursed scroll of blank paper 2 uncursed scrolls of earth 2 uncursed scrolls of enchant armor a cursed scroll of identify a blessed scroll of teleportation a cursed potion of extra healing a blessed potion of invisibility a cursed potion of invisibility an uncursed potion of restore ability a cursed potion of sleeping 12 potions of holy water a cursed ring of cold resistance an uncursed ring of fire resistance a cursed -1 ring of increase damage an uncursed +1 ring of protection an uncursed ring of shock resistance Puncake the Rogue's attributes: Background: You were a Robber, a level 16 male orcish Rogue. You were chaotic, on a mission for Kos who was opposed by Issek (lawful) and Mog (neutral). You were in the Quest, on level 1. You entered the dungeon 31059 turns ago. There was a new moon in effect when your adventure ended. You had 321377 experience points, 318623 more were needed to attain level 17. Your score was 145149 before end-of-game adjustments. Basics: You had 0 out of 113 hit points. You had all 59 energy points (spell power). Your armor class was 4. Your wallet contained 35 zorkmids. Autopickup was on for '%$?!/="+' plus thrown, with exceptions. Final Characteristics: Your strength was 25 (base:18/02, innate limit:18/50). Your dexterity was 11 (peak:18, limit:18). Your constitution was 17 (limit:18). Your intelligence was 7 (limit:16). Your wisdom was 12 (limit:16). Your charisma was 7 (limit:16). Final Status: You were satiated. You were unencumbered. You were wielding a dagger. You had expert skill with dagger. Final Attributes: You were piously aligned. You were cold resistant. You were sleep resistant. You were poison resistant. You were telepathic. You were aware of the presence of elves. You had automatic searching. You had infravision. You were invisible. You were stealthy. You regenerated. You were guarded. You had polymorph control. You were fast. You had reflection. You were extremely lucky. You had extra luck. Good luck did not time out for you. You are dead. Miscellaneous: You encountered 1 bones level. Total elapsed playing time was 4 hours, 45 minutes and 21 seconds. Major events: Turn 1: puncake the chaotic male orcish Rogue entered the dungeon 1006: attained the rank of Cutpurse (level 3) 2450: entered the Gnomish Mines 3337: entered Sokoban 3689: attained the rank of Rogue (level 6) 4523: completed 1st Sokoban level 5171: completed 2nd Sokoban level 5206: chose a runed broadsword to be named "Orcrist" 6398: completed 3rd Sokoban level 7844: completed 4th Sokoban level 8552: chose an elven dagger to be named "Sting" 8582: acquired the Sokoban bag of holding 10334: reached Mine Town 10858: was bestowed with Grimtooth by Kos 11725: attained the rank of Pilferer (level 10) 13763: was bestowed with Trollsbane by Kos 16101: acquired the Mines' End luckstone 18912: destroyed xororand's ghost, the former Acolyte 19890: entered the Bigroom 29184: was bestowed with Stormbringer by Kos 31059: killed by an Olog-hai Vanquished creatures: a baluchitherium a Nazgul a guardian naga 2 genetic engineers a nurse a lurker above an Aleax 2 vampires 2 lieutenants 4 ghosts 4 queen bees a giant mimic 2 long worms 3 zruties 4 fire giants 5 rock trolls an umber hulk an elven monarch 2 large mimics a wumpus 5 couatls an air elemental 2 fire elementals an earth elemental 2 water elementals a giant mummy a black naga a xorn 2 giant zombies an elf-noble 5 sergeants 6 wargs a winter wolf 4 small mimics 2 warhorses 4 xans an ettin mummy a quantum mechanic a sasquatch 4 wood golems 5 gelatinous cubes 2 pyrolisks a large dog 3 freezing spheres 6 flaming spheres 2 large cats 3 tigers 4 gargoyles a dwarf ruler 3 tengu 3 leocrottas 2 energy vortices a stone giant an elf mummy 3 pit vipers a wraith a carnivorous ape 2 Grey-elves 26 soldiers 4 amorous demons 5 chameleons a crocodile 9 giant beetles a quivering blob 5 cockatrices a wolf 8 winter wolf cubs a panther a gremlin 19 leprechauns 3 iron piercers 4 giant spiders a scorpion a horse 4 ice vortices 2 black lights 3 vampire bats a forest centaur 6 gnome rulers an orc mummy 2 dwarf mummies a brown pudding 2 rust monsters 8 owlbears 2 yetis 2 gold golems a werewolf 14 Green-elves 8 lizards 11 chickatrices a dingo 2 dogs a housecat 3 dwarf leaders 2 blue jellies 2 white unicorns 4 gray unicorns 5 dust vortices 2 ravens 3 plains centaurs 3 gnome mummies 5 snakes 2 apes 4 human zombies 5 rope golems 5 Woodland-elves 2 soldier ants 2 bugbears 4 quasits 10 wood nymphs 9 water nymphs 2 mountain nymphs 3 Mordor orcs 3 Uruk-hai 2 orc shamans 8 rock piercers 5 rock moles 3 ponies 9 fog clouds 8 yellow lights 2 violet fungi 22 gnome leaders 6 gnomish wizards 3 gray oozes 2 barrow wights 3 elf zombies a ghoul 6 straw golems 3 paper golems 28 giant ants 3 little dogs 10 floating eyes 2 kittens 24 dwarves a homunculus 3 kobold leaders a kobold shaman 13 hill orcs 9 rothes 3 rabid rats 3 centipedes 4 giant bats 9 monkeys 10 orc zombies 9 dwarf zombies a wererat 2 werejackals 13 iguanas 14 killer bees 5 acid blobs 3 coyotes 2 gas spores 6 hobbits 15 manes 3 large kobolds 4 hobgoblins 6 giant rats 8 cave spiders 3 brown molds 2 yellow molds a green mold a red mold 64 gnomes 21 garter snakes 2 gnome zombies 11 geckos 9 jackals 6 foxes 2 kobolds 5 goblins 3 sewer rats 19 grid bugs a bat 6 lichens 3 kobold zombies 14 newts 842 creatures vanquished. No species were genocided or became extinct. Voluntary challenges: You read items or engraved 33 times. You engraved Elbereth 8 times. You never genocided any monsters. You never polymorphed an object. You used no wishes. You violated the special Sokoban rules once. Achievements: You attained the rank of Cutpurse. You entered a shop. You entered the Gnomish Mines. You entered Sokoban. You attained the rank of Rogue. You completed Sokoban. You entered Minetown. You entered a temple. You attained the rank of Pilferer. You completed the Gnomish Mines. You entered the Big Room. The Dungeons of Doom: levels 1 to 23 Level 1: Some fountains. Level 2: Level 3: A general store, an altar, some fountains. Level 4: Some fountains. Stairs down to The Gnomish Mines. Level 5: Level 6: Stairs up to Sokoban, level 5. Level 7: A fountain, a grave. Final resting place for xororand-Pri-Hum-Mal-Neu, shot himself with a death ray. Level 8: Level 9: A bookstore, a fountain, a sink. Level 10: An armor shop. Level 11: A very big room. Summoned by the Master of Thieves. Portal to The Quest. Level 12: An altar. Level 13: A fountain, a sink. Level 14: A fountain. Level 15: A general store. Level 16: Level 17: A primitive area. Level 18: "15 food rations" A sink. Level 19: Level 20: Level 21: Level 22: Level 23: The Gnomish Mines: levels 5 to 13 Level 5: Level 6: Level 7: Level 8: Many shops, a temple to Kos, some fountains, a sink. Level 9: Level 10: Level 11: Level 12: Level 13: A fountain. The Quest: Level 1: <- You were here. Home. Final resting place for you, killed by an Olog-hai. Sokoban: levels 5 up to 2 Level 2: Solved. Level 3: Solved. Level 4: Solved. Level 5: Solved. Game over: ---------- / \ / REST \ / IN \ / PEACE \ / \ | puncake | | 35 Au | | killed by an | | Olog-hai | | | | | | 2023 | *| * * * | * _________)/\\_//(\/(/\)/\//\/|_)_______ Goodbye puncake the Rogue... You died in The Quest on dungeon level 1 with 145146 points, and 35 pieces of gold, after 31059 moves. You were level 16 with a maximum of 113 hit points when you died.